 Dungeon Crawl Stone Soup version 0.27-a0-562-g0d39f094a4 (webtiles) character file.

Game seed: 3487493075412470618

3 porpoise the Sneak (level 1, -22/20 HPs)
             Began as a Minotaur Delver on Mar 9, 2021.
             Annihilated by an ogre
             ... wielding a +0 giant spiked club
              (26 damage)
             ... on level 5 of the Dungeon.
             The game lasted 00:00:48 (175 turns).

porpoise the Sneak (Minotaur Delver)                 Turns: 175, Time: 00:00:51

Health: -22/20     AC:  5    Str: 16    XL:     1   Next: 41%
Magic:  0/0        EV: 11    Int:  7    God:
Gold:   22         SH:  0    Dex: 11    Spells: 0/0 levels left

rFire    . . .     SeeInvis .   a - +0 mace
rCold    . . .     Faith    .   (no shield)
rNeg     . . .     Spirit   .   l - +0 ring mail
rPois    .         Reflect  .   (helmet restricted)
rElec    .         Harm     .   (no cloak)
rCorr    .         Rampage  .   (no gloves)
Will     .....                  (no boots)
Stlth    ++........             (no amulet)
HPRegen  0.06/turn              (no ring)
MPRegen  0.07/turn              (no ring)

@: no status effects
A: horns 2, retaliatory headbutt
a: no special abilities


You were on level 5 of the Dungeon.
You visited 1 branch of the dungeon, and saw 1 of its levels.

You collected 22 gold pieces.

Inventory:

Hand Weapons
 a - a +0 mace (weapon)
Missiles
 j - 8 poisoned darts (quivered)
Armour
 l - a +0 ring mail (worn)
Wands
 g - a wand of digging (3)
Scrolls
 c - a scroll of fog
 d - a scroll of magic mapping
 e - a scroll of fear
 i - a scroll of amnesia {unknown}
Potions
 b - a potion of attraction {unknown}
 f - a potion of haste
 h - a potion of cancellation {unknown}
 k - 2 potions of curing {unknown}


   Skills:
 + Level 3.8 Fighting
 + Level 2.6 Maces & Flails
 - Level 2.1 Dodging
 - Level 4.1 Stealth


You couldn't memorise any spells.
You didn't know any spells.
Your spell library was empty.

Dungeon Overview and Level Annotations

Branches:
Dungeon (5/15)
 Temple: D:4-7

Altars:
Elyvilon
Zin


Innate Abilities, Weirdness & Mutations

You have a pair of horns on your head.
You reflexively headbutt those who attack you in melee.


Message History

You destroy the adder zombie!
You start resting.
HP restored.
Found a glowing silver altar of Zin.
j - 8 poisoned darts
Found a ruby potion.
k - 2 puce potions
There is a white marble altar of Elyvilon here.
You see here a +0 ring mail.
l - a +0 ring mail Unknown command.
You start removing your armour.
You continue taking off your +0 leather armour. x4
You finish taking off your +0 leather armour.
You start putting on your armour.
You continue putting on your +0 ring mail. x5
You finish putting on your +0 ring mail.
Drop what? 12/52 slots (_ for help) (? for menu, Esc to quit)
You drop a +0 leather armour.
You now have 9 gold pieces.
b - an inky potion You now have 22 gold pieces (gained 13).
An ogre comes into view. It is wielding a +0 giant spiked club.
The ogre shouts!
A white imp comes into view.
The white imp shouts!
The white imp spits at you.
Found a knobbly runed staff.
You see here a +0 leather armour.
The white imp gestures at you. The puff of frost hits you!
You hit the ogre but do no damage. The ogre closely misses you.
You hit the ogre.
The ogre is moderately wounded.
The white imp gestures at you. The puff of frost hits you!
* * * LOW HITPOINT WARNING * * *
The ogre hits you with a +0 giant spiked club!!
Ouch! That really hurt!
You die...

........#.#..# ##
..........##.##..
.................
.....>...#.....#
............>#.
........##.###
####....#..#
#####...[...##
#.@O.......##
#.##..##.###
##5##.#...###
###....[.._...#
#.............##
#..##..........#
.....
#..5..8.......#
#....#
##..........###
#....
##.........#


You could see an ogre and a white imp.

Vanquished Creatures
  An adder zombie (D:5)
1 creature vanquished.

Notes
Turn   | Place    | Note
-------+----------+-------------------------------------------
     0 | D:5      | porpoise the Minotaur Delver began the quest for the Orb.
     0 | D:5      | Reached XP level 1. HP: 19/19 MP: 0/0
     0 | D:5      | Found a white marble altar of Elyvilon.
   120 | D:5      | Found a glowing silver altar of Zin.
   161 | D:5      | Noticed an ogre
   175 | D:5      | Annihilated by an ogre

Illustrated notes

Levels and vault maps discovered:
D:5:      layout_rooms, grunt_temple_overflow_open, minmay_temple_entry_mist

Action                   || total
-------------------------++-------
Melee: Mace              ||     8
       Headbutt          ||     1
Armor: Leather armour    ||     1
Dodge: Dodged            ||     3

Table legend: (Time is in decaauts)
 A = Elapsed time spent in this place.
 B = Non-inter-level travel time spent in this place.
 C = Inter-level travel time spent in this place.
 D = Time resting spent in this place.
 E = Time spent auto-exploring this place.
 F = Levels seen in this place.
 G = Mean time per level.
                   A        B        C        D        E       F      G
               +--------+--------+--------+--------+--------+-----+--------+
         Total |    177 |    177 |      0 |     94 |      0 |   1 |  177.0 |
       Dungeon |    177 |    177 |      0 |     94 |      0 |   1 |  177.0 |
               +--------+--------+--------+--------+--------+-----+--------+

Top non-repeatable levels by time:
     D:5: 177 daAuts
